 Dungeon Crawl Stone Soup version 0.26.0-10-g1f06aea511 (webtiles) character file.

Game seed: 12744916522071347465

459 ythm the Fighter (level 7, 0/80 HPs)
             Began as an Ogre Hunter on Jan 14, 2021.
             Slain by an orc (2 damage)
             ... on level 5 of the Dungeon.
             The game lasted 00:06:15 (5420 turns).

ythm the Fighter (Ogre Hunter)                      Turns: 5420, Time: 00:06:19

Health: 0/80       AC:  3    Str: 19    XL:     7   Next: 6%
Magic:  7/7        EV: 11    Int: 12    God:
Gold:   185        SH:  0    Dex:  9    Spells: 6/6 levels left

rFire    . . .     SeeInvis .   k - +1 dagger (venom)
rCold    + . .     Faith    .   (no shield)
rNeg     + . .     Spirit   .   b - +0 robe
rPois    .         Reflect  .   (helmet restricted)
rElec    .         Harm     .   (no cloak)
rCorr    .         Rampage  .   (gloves unavailable)
Will     .....                  (boots unavailable)
Stlth    +.........             (no amulet)
HPRegen  0.23/turn              B - ring of positive energy
MPRegen  0.10/turn              z - ring of protection from cold

@: attractive, flying
A: large, unfitting armour, tough skin 1
a: no special abilities


You were on level 5 of the Dungeon.
You visited 1 branch of the dungeon, and saw 5 of its levels.

You collected 185 gold pieces.

Inventory:

Hand Weapons
 a - a +0 short sword
 k - a +1 dagger of venom (weapon)
 l - a +0 club
 v - a cursed -2 hand axe
Missiles
 c - 3 large rocks (quivered)
 d - 2 throwing nets
 f - 10 boomerangs
Armour
 b - a +0 robe (worn)
Jewellery
 u - a +6 ring of intelligence
 z - a ring of protection from cold (right hand)
 B - a ring of positive energy (left hand)
Wands
 w - a wand of flame (42)
 y - a wand of random effects (20)
Scrolls
 e - 4 scrolls of remove curse {unknown}
 n - 2 scrolls of random uselessness {unknown}
 o - 2 scrolls of teleportation {unknown}
 p - 2 scrolls of magic mapping {unknown}
 q - a scroll of blinking {unknown}
 r - 2 scrolls of enchant armour {unknown}
 x - a scroll of fog {unknown}
 A - 2 scrolls of identify {unknown}
 C - a scroll of fear {unknown}
 E - a scroll of amnesia {unknown}
Potions
 g - 2 potions of curing
 h - a potion of attraction
 i - 2 potions of brilliance {unknown}
 j - 3 potions of flight
 m - a potion of degeneration {unknown}
 s - 2 potions of magic
 t - a potion of might {unknown}
 D - a potion of lignification {unknown}


   Skills:
 + Level 8.3 Fighting
 + Level 4.3 Throwing
 + Level 3.5 Dodging
 - Level 0.6 Stealth


You had 6 spell levels left.
You didn't know any spells.
Your spell library was empty.

Dungeon Overview and Level Annotations

Branches:
Dungeon (5/15)
 Temple: D:4-7

Altars:
Makhleb
Trog
Vehumet
Yredelemnul


Innate Abilities, Weirdness & Mutations

You are too large for most types of armour.
You have tough skin. (AC +1)


Message History

The water moccasin poisons you!
Unknown command.
Unknown command.
You feel better. The gnoll barely misses you. The water moccasin misses you.
The orc completely misses you. The gnoll misses you.
Unknown command.
Unknown command.
It was a potion of magic.
Magic courses through your body. The water moccasin closely misses you.
The orc closely misses you. The gnoll hits you but does no damage.
The orc hits you.
* * * LOW HITPOINT WARNING * * *
The water moccasin bites you but does no damage.
It was a potion of attraction.
You feel attractive to monsters.
The gnoll hits you from afar with a +0 spear!
* * * LOW HITPOINT WARNING * * *
The gnoll closely misses you. The orc hits you with a +0 dagger.
* * * LOW HITPOINT WARNING * * *
The water moccasin closely misses you. The orc hits you.
You die...

... #..###.........##.##
#.##...##..#####.......
####..........#..†<.....#
..o.g.....##....(#..#####.
![..#...#####..#........
o.. #..........# g
##oS###.#.###.###.# ##@#
#.#.###.###.# #o#
#.#.........#


#oo # ########### .... ..... ....... .......# #####+#.# You could see a water
moccasin, a gnoll shaman, 2 gnolls and 4 orcs.

Vanquished Creatures
  A howler monkey (D:4)
  A bullfrog zombie (D:5)
  A centaur skeleton (D:4)
  Jessica (D:3)
  Ijyb (D:4)
  2 iguanas
  Natasha (twice) (D:4)
  4 adders
  8 gnolls
  An adder skeleton (D:4)
  3 worms
  3 dart slugs (D:1)
  5 leopard geckos
  An orc (D:5)
  2 ball pythons (D:3)
  3 giant cockroaches
  9 goblins
  6 hobgoblins
  7 jackals (D:2)
  2 quokkas (D:2)
  6 bats
  A frilled lizard (D:1)
  8 kobolds
  A quokka skeleton (D:4)
  6 rats
  A spectral orc (D:3)
86 creatures vanquished.

Vanquished Creatures (others)
  5 plants (D:3)
5 creatures vanquished.

Grand Total: 91 creatures vanquished

Notes
Turn   | Place    | Note
-------+----------+-------------------------------------------
     0 | D:1      | ythm the Ogre Hunter began the quest for the Orb.
     0 | D:1      | Reached XP level 1. HP: 22/22 MP: 1/1
    25 | D:1      | Reached skill level 3 in Fighting
   383 | D:1      | Reached XP level 2. HP: 23/32 MP: 2/2
   511 | D:1      | Reached skill level 4 in Fighting
  1034 | D:1      | Reached XP level 3. HP: 22/40 MP: 3/3
  1605 | D:2      | Reached skill level 5 in Fighting
  1822 | D:2      | Reached XP level 4. HP: 50/50 MP: 4/4
  1940 | D:2      | Found a burning altar of Makhleb.
  2106 | D:2      | Reached skill level 6 in Fighting
  2548 | D:2      | Reached XP level 5. HP: 55/61 MP: 5/5
  3191 | D:3      | Reached skill level 7 in Fighting
  3318 | D:3      | Noticed Jessica
  3328 | D:3      | Killed Jessica
  3631 | D:3      | Found a basalt altar of Yredelemnul.
  3673 | D:3      | Found a bloodstained altar of Trog.
  3892 | D:4      | Noticed Natasha
  3902 | D:4      | Killed Natasha
  4011 | D:4      | Reached XP level 6. HP: 69/71 MP: 6/6
  4273 | D:4      | Noticed Ijyb
  4285 | D:4      | Killed Ijyb
  4410 | D:4      | Found a radiant altar of Vehumet.
  4501 | D:4      | Noticed Natasha
  4509 | D:4      | Killed Natasha
  4510 | D:4      | Reached skill level 8 in Fighting
  5339 | D:5      | Entered Level 5 of the Dungeon
  5351 | D:5      | Reached XP level 7. HP: 73/80 MP: 7/7
  5420 | D:5      | HP: 2/80 [orc/+0 dagger (6)]
  5420 | D:5      | Slain by an orc

Illustrated notes

Levels and vault maps discovered:
D:1:      erik_arrival_triangle_large, layout_basic
D:2:      layout_loops_corners, lemuel_round_altar, supply_closet_lemuel,
          lemuel_statue_altar
D:3:      layout_rooms, yredelemnul_forgotten_temple_becter, bloody_trog,
          st_stairs_2, serial_bayou_crossing, uniq_jessica
D:4:      layout_basic, lemuel_crystal_altar, uniq_ijyb, uniq_natasha
D:5:      layout_basic, minmay_door_square

Skill      XL: |  1  2  3  4  5  6 |
---------------+-------------------+-----
Fighting       | 3 4 5 6 7 8 |  8.3
Dodging        | 2 3 |  3.5
Throwing       | |  4.3
Stealth        | |  0.6

Action                   |  1- 3 |  4- 6 |  7- 9 || total
-------------------------+-------+-------+-------++-------
Melee: Short sword       |   101 |       |       ||   101
       Dagger            |    18 |   223 |     4 ||   245
Throw: Large rock        |     3 |     5 |     2 ||    10
  Use: Potion            |       |       |     5 ||     5
 Stab: Sleeping          |     3 |     1 |       ||     4
Armor: Robe              |    38 |    38 |     2 ||    78
Dodge: Dodged            |    83 |   106 |    19 ||   208
